 Dungeon Crawl Stone Soup version 0.28-a0-1415-g7c84da036a (webtiles) character file.

Game seed: 13709788472162891131

88 zap2161 the Grave Robber (level 4, 0/32 HPs)
             Began as a Demonspawn Necromancer on Jan 7, 2022.
             Slain by an orc (2 damage)
             ... on level 3 of the Dungeon.
             The game lasted 00:22:23 (1834 turns).

zap2161 the Grave Robber (Demonspawn Necromancer)   Turns: 1834, Time: 00:22:25

Health: 0/32       AC:  3    Str:  8    XL:     4   Next: 29%
Magic:  0/8        EV: 12    Int: 18    God:
Gold:   45         SH:  0    Dex: 14    Spells: 4/9 levels left

rFire   . . .      SeeInvis .   g - +0 falchion
rCold   . . .      Faith    .   (no shield)
rNeg    . . .      Spirit   .   a - +0 robe
rPois   .          Reflect  .   (no helmet)
rElec   .          Harm     .   (no cloak)
rCorr   .          Rampage  .   (no gloves)
Will    .....                   i - +0 pair of boots
Stlth   ++........              q - amulet of magic regeneration
HPRegen 0.10/turn               (no ring)
MPRegen 0.11/turn               (no ring)

@: no status effects
A: hooves 1, spiny 1, demonic touch 1
a: no special abilities


You were on level 3 of the Dungeon.
You visited 1 branch of the dungeon, and saw 3 of its levels.

You collected 45 gold pieces.

Inventory:

Hand Weapons
 g - a +0 falchion (weapon)
 o - a +0 trident
Missiles
 d - 66 stones
 h - 54 arrows
 l - 15 poisoned darts (quivered)
 p - 5 atropa-tipped darts
Armour
 a - a +0 robe (worn)
 i - a +0 pair of boots (worn)
 n - a +0 leather armour
Jewellery
 q - an amulet of magic regeneration (around neck)
Scrolls
 c - a scroll of amnesia
 e - 2 scrolls of identify {unknown}
 f - a scroll of noise {unknown}
 j - a scroll of summoning {unknown}
Potions
 b - a potion of mutation {unknown}
 k - a potion of degeneration {unknown}
 m - a potion of flight {unknown}
 r - a potion of lignification {unknown}


   Skills:
 * Level 1.3 Fighting
 + Level 1.9 Dodging
 + Level 1.8 Stealth
 + Level 3.0 Spellcasting
 + Level 5.2 Necromancy


You had 4 spell levels left.
You knew the following spells:

 Your Spells              Type           Power      Damage    Failure   Level
a - Pain                  Necr           84%        1d8       1%          1
b - Animate Skeleton      Necr           42%        N/A       1%          1
c - Vampiric Draining     Necr           21%        2d7       5%          3

Your spell library contained the following spells:

 Spells                   Type           Power      Damage    Failure   Level
 Animate Dead             Necr           10%        N/A       19%         4
 Agony                    Necr           21%        N/A       45%         5


Dungeon Overview and Level Annotations

Branches:
Dungeon (3/15)

Altars:


Innate Abilities, Weirdness & Mutations

You have large cloven feet.
You are partially covered in sharp spines.
Your touch may inflict minor irresistible damage on your foes.


Message History

Hit: g) +0 falchion
Press: ? - help, Dir - move target, f - orc, p - orc priest
Aim: an orc, wielding a +0 dagger (severely wounded, about 43% to evade your +0 falchion)
You slash the orc!
You kill the orc!
The orc priest calls down the wrath of Beogh upon you.
Beogh smites you!
* * * LOW HITPOINT WARNING * * *
Sorry, you're not good enough to have a special ability.
Okay, then.
The orc priest barely misses you.
Hit: g) +0 falchion
Press: ? - help, Dir - move target, f - orc priest
Aim: an orc priest, wielding a +0 flail and wearing a +0 chain mail (moderately wounded, about 35% to evade your +0 falchion)
You hit the orc priest but do no damage.
You touch the orc priest.
The orc priest is heavily wounded.
An orc comes into view. It is wielding a +0 club.
The orc priest hits you but does no damage.
Casting: Pain (safe; 1% risk of failure)
Confirm with . or Enter, or press ? or * to list all spells.
Aiming: Pain (safe; 1% risk of failure)
Press: ? - help, Shift-Dir - straight line, f/p - orc priest
Aim: an orc priest, wielding a +0 flail and wearing a +0 chain mail (heavily wounded, chance to affect: 80%)
The orc priest barely resists.
An adder comes into view.
Hit: g) +0 falchion
Press: ? - help, Dir - move target, f/p - orc priest
Aim: an orc priest, wielding a +0 flail and wearing a +0 chain mail (heavily wounded, about 35% to evade your +0 falchion)
The adder hisses angrily.
You hit the orc priest but do no damage.
The orc priest is heavily wounded.
The orc priest closely misses you.
Hit: g) +0 falchion
Press: ? - help, Dir - move target, f - orc, p - orc priest
Aim: an orc, wielding a +0 club (about 43% to evade your +0 falchion)
You hit the orc.
The orc is lightly wounded.
The orc is struck by your spines. The orc hits you with a +0 club.
You die...

# ### . .. .#
#.####.####
#..<#... .. #.... .
#.##.#### #...#.#
#...gSSo# #..#.#
#####.#o# #....#
##... #@#
####.###.##.####.#
...............#.##
#####†#####.##.#..#
#.#####'##.##.#
#..##....#....#
##.##....######
#..#†...# ##.#....#


You could see an orc priest, an adder and an orc.

Vanquished Creatures
  Jessica (D:3)
  An adder (D:3)
  A worm (D:2)
  2 dart slugs
  3 orcs (D:3)
  4 endoplasms
  2 giant cockroaches (D:1)
  3 goblins
  A hobgoblin (D:3)
  7 jackals
  4 kobolds
  2 quokkas (D:1)
  2 ball pythons
  3 bats (D:1)
  2 frilled lizards
38 creatures vanquished.

Vanquished Creatures (collateral kills)
  A rat (D:1)
1 creature vanquished.

Grand Total: 39 creatures vanquished

Notes
Turn   | Place    | Note
-------+----------+-------------------------------------------
     0 | D:1      | zap2161 the Demonspawn Necromancer began the quest for the
                  | Orb.
     0 | D:1      | Reached XP level 1. HP: 13/13 MP: 3/3
     2 | D:1      | Learned a level 1 spell: Animate Skeleton
   398 | D:1      | Gained mutation: You are partially covered in sharp spines.
                  | [demonic ancestry]
   398 | D:1      | Reached XP level 2. HP: 7/19 MP: 0/5
  1085 | D:2      | Discovered your monstrous ancestry.
  1085 | D:2      | Gained mutation: Your touch may inflict minor irresistible
                  | damage on your foes. [demonic ancestry]
  1085 | D:2      | Reached XP level 3. HP: 11/25 MP: 0/6
  1482 | D:2      | Reached skill level 5 in Necromancy
  1529 | D:2      | Learned a level 3 spell: Vampiric Draining
  1680 | D:3      | Reached skill level 1 in Fighting
  1691 | D:3      | Noticed Jessica
  1705 | D:3      | Killed Jessica
  1706 | D:3      | Gained mutation: You have large cloven feet. [demonic
                  | ancestry]
  1706 | D:3      | Reached XP level 4. HP: 19/32 MP: 1/8
  1828 | D:3      | HP: 1/32 [orc priest/divine providence (13)]
  1834 | D:3      | Slain by an orc

Illustrated notes

Levels and vault maps discovered:
D:1:      heliophobic_arrival_dark_side_of_the_moon, layout_loops_ring,
          shapermc_ecumenical_altar_mp_urbaneastern, minivault_23
D:2:      layout_loops_ring
D:3:      layout_basic, xom_redecorated, grunt_ministairs_8, uniq_jessica

Skill      XL: |  1  2  3  4 |
---------------+-------------+-----
Necromancy     | 5 |  5.2
Fighting       | 1 |  1.3
Spellcasting   | 3 |  3.0
Dodging        | |  1.9
Stealth        | |  1.8

Action                   |  1- 3 |  4- 6 || total
-------------------------+-------+-------++-------
Melee: Unarmed           |     7 |       ||     7
       Falchion          |     4 |     7 ||    11
       Touch             |       |     1 ||     1
Throw: Dart              |       |     2 ||     2
 Cast: Pain              |    48 |    10 ||    58
       Animate Skeleton  |    11 |     2 ||    13
       Vampiric Draining |     1 |     1 ||     2
  Use: Scroll            |     1 |       ||     1
Armor: Robe              |     4 |     2 ||     6
Dodge: Dodged            |     8 |     5 ||    13

Table legend: (Time is in decaauts)
 A = Elapsed time spent in this place.
 B = Non-inter-level travel time spent in this place.
 C = Inter-level travel time spent in this place.
 D = Time resting spent in this place.
 E = Time spent auto-exploring this place.
 F = Levels seen in this place.
 G = Mean time per level.
                   A        B        C        D        E       F      G
               +--------+--------+--------+--------+--------+-----+--------+
         Total |   1836 |   1836 |      0 |      0 |      0 |   3 |  612.0 |
       Dungeon |   1836 |   1836 |      0 |      0 |      0 |   3 |  612.0 |
               +--------+--------+--------+--------+--------+-----+--------+

Top non-repeatable levels by time:
     D:1: 991 daAuts
     D:2: 583 daAuts
     D:3: 261 daAuts
